Map: Blackpink LE

Players

liquidthermy (uThermal) - Winner!

  • Race: Terran Terran
  • League: Grandmaster
  • Spawn Location: 7:00

Rail

  • Race: Protoss Protoss
  • Spawn Location: 1:00

Event: WESG Barcelona European Finals 2017

VOD

Have the link to the VOD?

Description

Time

  • Played on: Nov. 23, 2017, 6:24 a.m.
  • Length: 12:28

All games in this series

Show
View Real Time Build Order
Export as new Build Order

liquidthermy Terran - Winner!

Build Orders: Mech 

Get SALT Encoding   

  12  0:01  SCV  
  13  0:13  SCV  
  14  0:18  Supply Depot  
  14  0:26  SCV  
  15  0:39  SCV  
  15  0:41  Barracks  
  16  0:52  SCV  
  17  1:04  SCV  
  18  1:05  Refinery  
  18  1:16  SCV  
  19  1:28  Marine  
  19  1:29  Orbital Command  
  20  1:36  Command Center  
  20  1:46  Marine  
  21  1:48  Supply Depot  
  21  1:54  SCV  
  22  2:04  Marine  
  22  2:08  Factory  
  23  2:10  SCV  
  23  2:15  Refinery  
  24  2:22  SCV  
  25  2:25  Barracks Reactor  
  25  2:30  Bunker  
  25  2:34  SCV  
  26  2:46  SCV  
  26  2:48  Orbital Command  
  27  2:53  Starport  
  27  2:55  Widow Mine  
  29  2:58  SCV  
  29  3:00  Marine  
  29  3:04  Marine  
  32  3:11  SCV  
  33  3:15  SCV  
  33  3:18  Marine  
  35  3:22  Marine  
  35  3:23  SCV, Widow Mine  
  39  3:29  Medivac  
  39  3:30  SCV  
  42  3:34  Supply Depot  
  42  3:36  Marine  
  42  3:39  SCV, Marine  
  45  3:42  SCV  
  46  3:51  Supply Depot  
  46  3:55  Refinery x2  
  46  3:56  SCV, Factory Tech Lab  
  46  3:57  Marine x2  
  46  4:00  Starport Tech Lab  
  50  4:02  SCV  
  50  4:08  SCV, Engineering Bay  
  51  4:15  SCV  
  51  4:24  Siege Tank  
  51  4:25  Raven  
  51  4:26  SCV, Marine  
  51  4:27  SCV, Marine  
  57  4:34  Missile Turret  
  57  4:36  Missile Turret  
  57  4:40  SCV  
  57  4:41  SCV  
  59  4:46  Supply Depot  
  59  4:48  Marine  
  59  4:51  Marine  
  59  4:52  SCV  
  62  5:07  SCV x2, Marine, Siege Tank  
  66  5:20  SCV x2  
  65  5:24  Cloaking Field  
  65  5:25  Banshee  
  65  5:27  Factory  
  67  5:32  SCV x2  
  67  5:34  Supply Depot  
  69  5:42  Supply Depot  
  69  5:44  SCV  
  70  5:54  Supply Depot  
  70  5:56  SCV x2, Siege Tank  
  75  5:57  Supply Depot  
  75  6:07  Banshee  
  75  6:08  SCV x2  
  80  6:20  SCV x2, Command Center  
  82  6:26  Hellion  
  82  6:27  Hellion  
  82  6:28  Siege Tank  
  82  6:31  Supply Depot  
  89  6:37  Barracks Tech Lab  
  89  6:38  SCV x2  
  91  6:40  Factory  
  91  6:48  Hellion x2  
  91  6:50  Banshee  
  98  7:00  Siege Tank  
  101  7:09  Hellion x2  
  101  7:11  Supply Depot  
  101  7:12  Supply Depot  
  101  7:13  Supply Depot  
  101  7:14  Supply Depot  
  105  7:16  Armory  
  105  7:18  Armory  
  105  7:31  Hellion x2  
  105  7:32  Siege Tank  
  105  7:33  Banshee, Orbital Command  
  105  7:35  Hellion  
  117  7:45  SCV x2  
  117  7:47  Supply Depot  
  119  7:52  Hellion  
  119  7:57  SCV  
  119  7:58  SCV  
  123  7:59  Siege Tank  
  123  8:04  Siege Tank  
  129  8:07  Terran Vehicle Weapons Level 1  
  129  8:08  Terran Vehicle And Ship Armor Level 1  
  129  8:09  SCV  
  129  8:10  SCV  
  131  8:19  Orbital Command  
  131  8:22  SCV x2, Hellion x2  
  134  8:31  Hellion, Missile Turret  
  134  8:32  Refinery x2  
  134  8:34  SCV x2, Banshee  
  136  8:36  Siege Tank  
  141  8:44  SCV  
  141  8:46  SCV x2  
  144  8:51  Missile Turret  
  144  8:52  Missile Turret  
  144  8:54  Missile Turret  
  142  8:56  SCV, Hellion x2  
  142  8:58  SCV x2  
  151  9:02  Hellion  
  151  9:08  SCV, Supply Depot, Siege Tank  
  155  9:10  SCV x2  
  157  9:19  Factory  
  157  9:20  Factory, SCV, Supply Depot  
  157  9:21  Banshee  
  157  9:22  SCV x2  
  157  9:23  Hellion  
  157  9:24  Hellion x4  
  165  9:32  SCV, Siege Tank  
  165  9:33  Hellion  
  165  9:34  SCV  
  172  9:40  Supply Depot  
  172  9:42  Hellion  
  172  9:43  Supply Depot  
  172  9:45  Smart Servos  
  172  9:56  Command Center  
  172  10:03  Siege Tank  
  172  10:05  Factory Tech Lab, Factory Reactor, Siege Tank  
  178  10:11  Command Center  
  178  10:12  Hellion  
  172  10:18  Hellion x4  
  172  10:19  Starport  
  172  10:21  Hellion, Fusion Core  
  174  10:25  Hellion  
  174  10:27  Starport Reactor  
  176  10:33  Hellion  
  176  10:35  Siege Tank  
  181  10:37  Hellion  
  181  10:42  Hellion  
  185  10:46  Siege Tank  
  185  10:49  Hellion  
  189  10:52  Hellion  
  189  10:55  Hellion  
  193  10:58  Siege Tank  
  193  11:03  Hellion  
  190  11:07  Siege Tank  
  190  11:10  Hellion  
  192  11:12  Liberator  
  192  11:13  Hellion  
  192  11:14  Hellion  
  191  11:18  Siege Tank  
  191  11:22  Orbital Command  
  191  11:23  Planetary Fortress  
  191  11:24  Refinery x2  
  191  11:31  Siege Tank  
  191  11:32  Hellion  
  199  11:37  Hellion  
  200  11:52  Hellion  
  200  11:55  Command Center  
Show
View Real Time Build Order
Export as new Build Order

Rail Protoss 

Build Orders: 1 Gate Expand, Oracle Opening 

Get SALT Encoding   

  12  0:00  Probe (Chrono Boost)  
  13  0:13  Probe (Chrono Boost)  
  14  0:15  Probe  
  14  0:21  Pylon  
  15  0:39  Probe, Gateway  
  16  0:44  Assimilator  
  16  0:51  Probe  
  17  1:03  Probe (Chrono Boost)  
  19  1:13  Probe (Chrono Boost)  
  19  1:20  Nexus  
  19  1:29  Cybernetics Core  
  19  1:31  Probe  
  20  1:36  Assimilator  
  20  1:43  Probe  
  21  1:51  Pylon  
  21  1:55  Probe  
  22  2:07  Probe  
  23  2:09  Adept  
  25  2:19  Stargate  
  25  2:20  Probe (Chrono Boost)  
  26  2:29  Warp Gate  
  27  2:32  Probe (Chrono Boost)  
  27  2:34  Probe (Chrono Boost)  
  29  2:42  Adept  
  29  2:44  Probe x2 (Chrono Boost)  
  32  2:46  Probe  
  32  2:48  Probe  
  34  2:58  Probe  
  35  3:00  Probe  
  35  3:02  Oracle  
  39  3:10  Probe (Chrono Boost)  
  41  3:16  Probe (Chrono Boost)  
  41  3:22  Probe (Chrono Boost)  
  41  3:23  Pylon  
  41  3:24  Twilight Council  
  41  3:26  Forge  
  43  3:29  Probe x2 (Chrono Boost)  
  44  3:36  Probe x2  
  44  3:40  Gateway  
  46  3:43  Gateway  
  46  3:48  Probe (Chrono Boost)  
  46  3:50  Pylon  
  46  3:54  Probe (Chrono Boost)  
  46  3:55  Assimilator  
  48  3:58  Assimilator  
  48  4:00  Probe (Chrono Boost)  
  48  4:01  Protoss Ground Weapons Level 1  
  50  4:03  Resonating Glaives  
  50  4:04  Probe (Chrono Boost)  
  50  4:05  Probe  
  51  4:15  Probe  
  51  4:16  Robotics Facility  
  49  4:18  Probe  
  50  4:31  Pylon  
  50  4:33  Probe x2  
  50  4:35  Pylon  
  50  4:37  Adept x2  
  56  4:41  Shield Battery  
  56  4:45  Probe  
  56  4:46  Probe  
  56  4:51  Gateway  
  58  4:52  Gateway  
  58  4:58  Gateway  
  58  4:59  Pylon  
  58  5:02  Stalker  
  60  5:10  Probe x2  
  60  5:12  Adept  
  60  5:13  Adept  
  51  5:22  Probe (Chrono Boost)  
  51  5:24  Probe (Chrono Boost)  
  53  5:28  Stalker  
  53  5:34  Probe (Chrono Boost)  
  57  5:36  Probe (Chrono Boost)  
  57  5:44  Probe (Chrono Boost)  
  57  5:49  Blink  
  59  5:54  Probe (Chrono Boost)  
  59  5:55  Protoss Ground Armor Level 1 (Chrono Boost), Probe (Chrono Boost)  
  60  5:57  Warp Prism (Chrono Boost)  
  60  6:01  Stalker  
  64  6:04  Stalker  
  64  6:06  Probe x2  
  64  6:10  Pylon  
  68  6:22  Sentry x2  
  68  6:23  Stalker  
  68  6:25  Probe x2  
  77  6:26  Observer (Chrono Boost)  
  77  6:30  Robotics Bay  
  77  6:34  Gateway  
  77  6:42  Pylon  
  77  6:45  Observer  
  78  6:55  Pylon  
  78  6:59  Adept  
  80  7:08  Observer  
  80  7:11  Observer  
  80  7:18  Colossus (Chrono Boost)  
  80  7:21  Extended Thermal Lance  
  86  7:25  Adept x3  
  86  7:26  Adept x3  
  98  7:33  Stalker  
  100  7:46  Pylon x3  
  100  7:49  Protoss Ground Weapons Level 2 (Chrono Boost)  
  100  7:52  Photon Cannon  
  106  8:01  Colossus (Chrono Boost)  
  106  8:02  Adept x2  
  110  8:05  Stalker  
  110  8:06  Stalker  
  114  8:15  Stalker x2  
  116  8:21  Stalker  
  118  8:32  Stalker x3  
  124  8:42  Warp Prism (Chrono Boost)  
  124  8:49  Nexus  
  124  8:50  Pylon  
  124  8:52  Sentry, Stalker  
  128  8:59  Stalker  
  130  9:05  Stalker x2  
  130  9:08  Pylon  
  132  9:23  Stalker x2  
  136  9:25  Stalker  
  136  9:27  Stalker  
  140  9:33  Stalker  
  142  9:42  Immortal (Chrono Boost)  
  146  9:46  Probe x2  
  148  9:53  Robotics Facility  
  148  9:59  Stalker  
  150  10:07  Probe x3  
  153  10:14  Stalker x2  
  157  10:30  Probe x2  
  157  10:32  Probe, Pylon x2  
  160  10:40  Immortal  
  162  10:49  Charge (Chrono Boost)  
  164  10:50  Immortal  
  164  10:54  Assimilator x2  
  164  10:55  Templar Archives  
  166  11:04  Photon Cannon  
  164  11:10  Photon Cannon, Probe x2  
  161  11:13  Probe  
  162  11:32  Immortal x2  
  164  11:37  Zealot  
  166  11:40  Pylon  
  166  11:44  Stalker x2  
  170  11:51  Zealot x2  
  170  11:54  High Templar  
  170  11:55  High Templar  
  170  11:59  Archon  
  174  12:02  Zealot  
Tags
 
Add a new tag
Caveats
  • Supply blocks, unpowered buildings, or Contaminate may cause inaccurate times.
  • Supply counts are checked every 10 seconds.